 Seeded DCSS version 0.31-a0-7-g51783674b7 (webtiles) character file.

Game seed: 3407603050769875686 (custom seed)

27 Pimp the Trooper (level 3, -3/31 (33) HPs)
             Began as a Hill Orc Fighter on May 5, 2023.
             Slain by Terence
             ... wielding the +7 Throatcutter {drain, coup de grace}
              (7 damage)
             ... on level 2 of the Dungeon.
             The game lasted 00:01:13 (725 turns).

Pimp the Trooper (Hill Orc Fighter)                  Turns: 725, Time: 00:01:15

HP:   -3/31 (33)    AC:  6    Str: 18    XL:     3   Next: 10%
MP:   3/3           EV:  9    Int:  8    God:
Gold: 36            SH:  4    Dex: 12    Spells: 2/2 levels left

rFire   . . .        a - +0 long sword
rCold   . . .        c - +0 buckler
rNeg    . . .        b - +0 scale mail
rPois   .            (no helmet)
rElec   .            (no cloak)
rCorr   .            (no gloves)
SInv    .            (no boots)
Will    .....        (no amulet) Stlth
                     (no ring)
HPRegen 0.25/turn    (no ring)
MPRegen 0.08/turn

%: no passive effects
@: drained
A: no striking features
a: no special abilities


You were on level 2 of the Dungeon.
You visited 1 branch of the dungeon, and saw 2 of its levels.

You collected 36 gold pieces.

Inventory:

Hand Weapons
 a - a +0 long sword (weapon)
Armour
 b - a +0 scale mail (worn)
 c - a +0 buckler (worn)
Scrolls
 f - a scroll of vulnerability {unknown}
 i - a scroll of blinking {unknown}
Potions
 d - a potion of might
 e - 2 potions of haste {unknown}
 g - a potion of heal wounds {unknown}
 h - a potion of curing {unknown}


   Skills:
 + Level 4.0 Fighting
 + Level 2.6 Long Blades
 + Level 3.6 Armour
 + Level 3.6 Shields


You had 2 spell levels left.
You didn't know any spells.
Your spell library was empty.

Dungeon Overview and Level Annotations

Branches:
Dungeon (2/15)

Altars:

Annotations:
D:2 Terence


Message History

The kobold hits you but does no damage.
You slash the kobold!
You kill the kobold!
A kobold comes into view. It is wielding a +0 whip.
The kobold shouts!
You see here a +0 short sword.
A kobold is nearby!
The kobold closely misses you.
You hit the kobold.
You kill the kobold!
You have reached level 3!
Your experience leads to an increase in your attributes!
Increase (S)trength, (I)ntelligence, or (D)exterity?
You feel agile. x2
There is a stone staircase leading down here.
A worm comes into view.
A worm is nearby!
You block the worm's attack.
You slash the worm!
The worm is moderately wounded.
The worm barely misses you.
You hit the worm.
The worm is severely wounded.
The worm bites you.
You slash the worm!
You kill the worm!
You see here a worm corpse.
Terence the Incautious comes into view.
He is wielding the +7 Throatcutter {drain, coup de grace}.
Found 7 gold pieces.
Terence shouts!
You completely miss Terence.
Terence hits you with the +7 Throatcutter {drain, coup de grace}!
You feel drained.
You hit Terence.
Terence is lightly wounded.
Terence hits you with the +7 Throatcutter {drain, coup de grace}!
You feel drained.
* * * LOW HITPOINT WARNING * * *
Terence hits you with the +7 Throatcutter {drain, coup de grace}!
You die...

#########.######.########
........)>.........#
#.#.#####.######.#.#
#.#.# #.# #.#.# ..#.# #)#
#.# # .##.# #.# #†# .##.#
#.# #.# .##.# #.# #.#
.##.# #.# #@# .##.# #.#
#.@.$.... .##.# #..
######### .+..# .####


You could see Terence.

Vanquished Creatures
  A worm (D:2)
  A dart slug (D:1)
  A bat (D:1)
  4 endoplasms (D:1)
  2 giant cockroaches (D:1)
  2 goblins (D:1)
  3 hobgoblins (D:1)
  3 kobolds
  A ball python (D:1)
18 creatures vanquished.

Notes
Turn   | Place    | Note
-------+----------+-------------------------------------------
     0 | D:1      | Pimp the Hill Orc Fighter began the quest for the Orb.
     0 | D:1      | Reached XP level 1. HP: 19/19 MP: 1/1
    49 | D:1      | Reached XP level 2. HP: 25/27 MP: 2/2
   394 | D:1      | Found a faded altar of an unknown god.
   460 | D:1      | Reached skill level 4 in Fighting
   681 | D:2      | Reached XP level 3. HP: 33/33 MP: 3/3
   723 | D:2      | Noticed Terence
   725 | D:2      | Slain by Terence

Illustrated notes

Levels and vault maps discovered:
D:1:      dpeg_arrival_simpleton_a, layout_rooms, basic_ecumenical_altar
D:2:      layout_basic, serial_shops, nicolae_shop_dealshenge, uniq_terence

Skill      XL: |  1  2 |
---------------+-------+-----
Fighting       | 4 |  4.0
Long Blades    | |  2.6
Armour         | |  3.6
Shields        | |  3.6

Action                     || total
---------------------------++-------
  Melee: Long sword        ||    54
 Armour: Scale mail        ||    32
  Dodge: Dodged            ||    24
  Block: Buckler           ||    19

Table legend: (Time is in decaauts)
 A = Elapsed time spent in this place.
 B = Non-inter-level travel time spent in this place.
 C = Inter-level travel time spent in this place.
 D = Time resting spent in this place.
 E = Time spent auto-exploring this place.
 F = Levels seen in this place.
 G = Mean time per level.
                   A        B        C        D        E       F      G
               +--------+--------+--------+--------+--------+-----+--------+
         Total |    741 |    674 |     67 |      0 |    485 |   2 |  370.5 |
       Dungeon |    741 |    674 |     67 |      0 |    485 |   2 |  370.5 |
               +--------+--------+--------+--------+--------+-----+--------+

Top non-repeatable levels by time:
     D:1: 645 daAuts
     D:2: 95 daAuts
